 Dungeon Crawl Stone Soup version 0.28-a0-476-g0f06bd746f (webtiles) character file.

Game seed: 7285304359823007838

1374 bande the Chopper (level 8, -9/50 HPs)
             Began as a Gargoyle Fighter on Sept 16, 2021.
             Was an Initiate of Okawaru.
             Mangled by an ogre (22 damage)
             ... on level 5 of the Dungeon.
             The game lasted 00:07:50 (6257 turns).

bande the Chopper (Gargoyle Fighter)                Turns: 6257, Time: 00:07:51

Health: -9/50      AC: 13    Str: 20    XL:     8   Next: 66%
Magic:  8/8        EV:  9    Int: 10    God:    Okawaru [......]
Gold:   204        SH:  4    Dex: 10    Spells: 7/7 levels left

rFire   . . .      SeeInvis .   a - +1 war axe
rCold   . . .      Faith    .   c - +0 buckler
rNeg    + . .      Spirit   .   b - +0 scale mail
rPois   ∞          Reflect  .   (no helmet)
rElec   +          Harm     .   (no cloak)
rCorr   .          Rampage  .   (no gloves)
Will    .....                   (no boots)
Stlth   ..........              (no amulet)
HPRegen 0.16/turn               (no ring)
MPRegen 0.11/turn               (no ring)

@: no status effects
A: sickness immunity, AC +5, negative energy resistance 1, electricity
resistance, torment resistance 1, petrification resistance
a: Renounce Religion


You were on level 5 of the Dungeon.
You worshipped Okawaru.
Okawaru was noncommittal.
You visited 2 branches of the dungeon, and saw 6 of its levels.

You collected 204 gold pieces.

Inventory:

Hand Weapons
 a - a +1 war axe (weapon)
 f - a +0 flail
 m - a +0 war axe
Armour
 b - a +0 scale mail (worn)
 c - a +0 buckler (worn)
Jewellery
 h - a ring of magical power
Wands
 e - a wand of paralysis (10)
Scrolls
 k - a scroll of fear
 l - 2 scrolls of identify
 n - a scroll of teleportation
 o - a scroll of enchant weapon
Potions
 d - 2 potions of might
 g - a potion of berserk rage
 i - 4 potions of curing
 j - a potion of resistance


   Skills:
 + Level 5.5 Fighting
 + Level 6.3 Axes
 + Level 6.1 Armour
 + Level 4.6 Shields
 * Level 0.7 Invocations
 * Level 2.9 Evocations


You had 7 spell levels left.
You didn't know any spells.
Your spell library contained the following spells:

 Spells                   Type           Power      Damage    Failure   Level
 Sandblast                Erth           0%         2d4       69%         1
 Corpse Rot               Necr/Air       N/A        N/A       83%         2
 Passwall                 Tmut/Erth      0%         N/A       83%         2
 Poisonous Vapours        Pois/Air       0%         N/A       83%         2
 Conjure Flame            Conj/Fire      0%         6-21      96%         3
 Gell's Gravitas          Tloc           0%         N/A       96%         3
 Ignite Poison            Fire/Tmut/Pois 0%         N/A       96%         3
 Stone Arrow              Conj/Erth      0%         3d7       96%         3
 Teleport Other           Tloc           0%         N/A       96%         3
 Sticky Flame             Conj/Fire      0%         2d3       100%        4
 Dispersal                Tloc           0%         N/A       100%        6


Dungeon Overview and Level Annotations

Branches:
Dungeon (5/15)             Temple (1/1) D:5

Altars:
Dithmenos
Fedhas
Gozag
Kikubaaqudgha
Makhleb
Nemelex Xobeh
Okawaru
Ru
Wu Jian
Zin
The Shining One

Shops:
D:1 [   D:3 :

Annotations:
D:5 2 runed translucent doors, CraigForest's ghost, novice BaCj


Innate Abilities, Weirdness & Mutations

You are immune to sickness and miasma.
Your stone body is resilient. (AC +5)
You are immune to poison.
You resist negative energy. (rN+)
You are resistant to electric shocks. (rElec)
You are resistant to unholy torment.
You are immune to petrification.


Message History

The water moccasin skeleton closely misses you.
The water moccasin skeleton bites you.
You closely miss the water moccasin skeleton.
The water moccasin skeleton is heavily damaged.
The water moccasin skeleton barely misses you.
You slash the water moccasin skeleton!
The water moccasin skeleton is almost destroyed.
The water moccasin skeleton bites you.
The water moccasin skeleton completely misses you.
You closely miss the water moccasin skeleton.
The water moccasin skeleton is almost destroyed.
You barely miss the ogre.
The water moccasin skeleton barely misses you.
The ogre barely misses you.
You slash the water moccasin skeleton!
You destroy the water moccasin skeleton!
Okawaru accepts your kill.
You hit the ogre.
The ogre hits you with a +0 giant club!!
You hit the ogre.
The ogre is moderately wounded.
The ogre hits you with a +0 giant club!
* * * LOW HITPOINT WARNING * * *
You are too injured to fight recklessly!
You are too injured to fight recklessly!
You are too injured to fight recklessly!
You are too injured to fight recklessly!
You are too injured to fight recklessly!
You are too injured to fight recklessly!
You are too injured to fight recklessly!
You are too injured to fight recklessly!
You slash the ogre!
The ogre is heavily wounded.
You hit the ogre.
The ogre is severely wounded.
You block the ogre's attack.
Your scale mail prevents you from hitting the ogre.
The ogre is severely wounded.
The ogre hits you with a +0 giant club!!
You die...

.....# .....#
##....## ......
#....# ##.
#"...# ....
..####.!..#.?...
.......@O.......
..######.#[....
####.# ###
#######....#
#.....#.####
#.##.##.#
#.##.##.#
#..#.##.#
##.#....#


You could see an ogre.

Vanquished Creatures
  Pikel (D:5)
  Grinder (D:3)
  A black bear (D:5)
  A necrophage (D:4)
  An ogre (D:4)
  A scorpion (D:5)
  A water moccasin skeleton (D:5)
  2 hounds
  A gnoll shaman (D:4)
  2 iguanas
  An orc wizard (D:3)
  A hound zombie (D:5)
  A hound skeleton (D:4)
  3 gnolls (D:4)
  5 adders
  2 white imps (D:5)
  An adder skeleton (D:4)
  2 worms
  A dart slug (D:5)
  4 orcs (D:3)
  6 endoplasms
  2 giant cockroaches
  8 goblins
  4 hobgoblins
  4 jackals (D:4)
  6 quokkas
  6 ball pythons
  7 bats
  4 frilled lizards
  6 kobolds
  9 rats
95 creatures vanquished.

Vanquished Creatures (others)
  A plant (D:3)
1 creature vanquished.

Grand Total: 96 creatures vanquished

Notes
Turn   | Place    | Note
-------+----------+-------------------------------------------
     0 | D:1      | bande the Gargoyle Fighter began the quest for the Orb.
     0 | D:1      | Reached XP level 1. HP: 14/14 MP: 1/1
   421 | D:1      | Reached XP level 2. HP: 17/19 MP: 2/2
   590 | D:1      | Found Alaajifa's Antique Armour Shoppe.
   710 | D:1      | Found a faded altar of an unknown god.
  1004 | D:1      | Reached XP level 3. HP: 23/23 MP: 3/3
  1256 | D:2      | HP: 1/24 [frozen (4)]
  1712 | D:2      | Reached XP level 4. HP: 29/29 MP: 4/4
  2411 | D:3      | Found Saolalib's Book Boutique.
  2527 | D:3      | Reached XP level 5. HP: 24/33 MP: 5/5
  2846 | D:3      | Noticed Grinder
  2962 | D:3      | Paralysed by Grinder for 4 turns
  3189 | D:3      | Paralysed by Grinder for 5 turns
  3197 | D:3      | Paralysed by Grinder for 7 turns
  3206 | D:3      | Killed Grinder
  3207 | D:3      | Reached skill level 5 in Armour
  3207 | D:3      | Reached XP level 6. HP: 12/39 MP: 6/6
  3821 | D:4      | Reached XP level 7. HP: 12/44 MP: 7/7
  4303 | D:4      | Reached skill level 1 in Evocations
  4700 | D:4      | Reached skill level 5 in Axes
  5326 | D:5      | Entered Level 5 of the Dungeon
  5329 | D:5      | Found a runed translucent door.
  5369 | D:5      | Found a staircase to the Ecumenical Temple.
  5369 | D:5      | Noticed Pikel
  5381 | D:5      | Killed Pikel
  5382 | D:5      | Reached skill level 5 in Fighting
  5382 | D:5      | Reached XP level 8. HP: 15/49 MP: 8/8
  5596 | Temple   | Entered the Ecumenical Temple
  5611 | Temple   | Became a worshipper of Warmaster Okawaru
  6191 | D:5      | Found a runed translucent door.
  6194 | D:5      | Noticed CraigForest's ghost (novice BaCj)
  6257 | D:5      | Mangled by an ogre

Illustrated notes

Levels and vault maps discovered:
D:1:      mrwooster_arrival_statue_2, layout_loops_ring, serial_shops, shop,
          ebering_ecumenical_altar_webs
D:2:      layout_loops_cross
D:3:      layout_basic, serial_shops, shop, serial_bayou_pond_c,
          kennysheep_generic_room_5, uniq_grinder
D:4:      layout_loops_corners
D:5:      layout_basic, minmay_temple_entry_enclosed_plants,
          ebering_ghost_sewer_f, uniq_blork_the_orc, uniq_pikel,
          uniq_crazy_yiuf_cottage
Temple:   nicolae_temple_the_god_donut

Skill      XL: |  1  2  3  4  5  6  7  8 |
---------------+-------------------------+-----
Axes           | 2 3 4 6 |  6.3
Armour         | 4 5 6 |  6.1
Fighting       | 4 5 |  5.5
Shields        | 4 |  4.6
Evocations     | 2 |  2.9
Invocations    | |  0.7

Action                   |  1- 3 |  4- 6 |  7- 9 || total
-------------------------+-------+-------+-------++-------
Melee: War axe           |   103 |   161 |   129 ||   393
  Use: Scroll            |     3 |     3 |     2 ||     8
       Potion            |       |     5 |       ||     5
Armor: Scale mail        |    80 |    91 |    72 ||   243
Dodge: Dodged            |    67 |    76 |    59 ||   202
Block: Buckler           |    21 |    30 |    21 ||    72

Table legend: (Time is in decaauts)
 A = Elapsed time spent in this place.
 B = Non-inter-level travel time spent in this place.
 C = Inter-level travel time spent in this place.
 D = Time resting spent in this place.
 E = Time spent auto-exploring this place.
 F = Levels seen in this place.
 G = Mean time per level.
                   A        B        C        D        E       F      G
               +--------+--------+--------+--------+--------+-----+--------+
         Total |   6375 |   6362 |     13 |   2098 |   3147 |   6 | 1062.5 |
       Dungeon |   6323 |   6310 |     13 |   2098 |   3141 |   5 | 1264.6 |
        Temple |     52 |     52 |      0 |      0 |      6 |   1 |   52.0 |
               +--------+--------+--------+--------+--------+-----+--------+

Top non-repeatable levels by time:
     D:4: 1582 daAuts
     D:3: 1531 daAuts
     D:1: 1184 daAuts
     D:2: 1138 daAuts
     D:5: 886 daAuts
  Temple: 52 daAuts
